 Dungeon Crawl Stone Soup version 0.31-a0-983-g7b6862f502 (webtiles) character file.

Game seed: 8846839589307732718

406 Graknight the Digger (level 6, -11/36 HPs)
             Began as a Gargoyle Earth Elementalist on Nov 3, 2023.
             Mangled by an ogre
             ... wielding a +0 giant club
              (21 damage)
             ... on level 3 of the Dungeon.
             The game lasted 00:05:35 (3294 turns).

Graknight the Digger (Gargoyle Earth Elementalist)  Turns: 3294, Time: 00:05:36

Health: -11/36     AC:  8    Str: 11    XL:     6   Next: 87%
Magic:  3/11       EV: 11    Int: 18    God:
Gold:   157        SH:  0    Dex: 10    Spells: 4/12 levels left

rFire   . . .        a - +1 mace (protect)
rCold   + . .        (no shield)
rNeg    + . .        b - +0 leather armour
rPois   ∞            (no helmet)
rElec   +            i - +0 cloak
rCorr   .            (no gloves)
SInv    .            (no boots)
Will    .....        (no amulet)
Stlth   ++           e - ring of protection from cold
HPRegen 0.26/turn    h - ring of flight
MPRegen 0.12/turn

%: no passive effects
@: flying
A: sickness immunity, AC +4, negative energy resistance 1, electricity
resistance, torment resistance 1, petrification resistance
a: no special abilities


You were on level 3 of the Dungeon.
You visited 1 branch of the dungeon, and saw 4 of its levels.

You collected 157 gold pieces.

Inventory:

Hand Weapons
 a - a +1 mace of protection (weapon)
Armour
 b - a +0 leather armour (worn)
 i - a +0 cloak (worn)
Jewellery
 e - a ring of protection from cold (left hand)
 h - a ring of flight (right hand)
Wands
 c - a wand of digging (7)
Scrolls
 d - a scroll of amnesia {unknown}
 g - a scroll of identify {unknown}
 k - a scroll of enchant armour {unknown}
 n - 3 scrolls of torment {unknown}
 o - 2 scrolls of poison {unknown}
Potions
 m - 2 potions of enlightenment


   Skills:
 + Level 2.5 Fighting
 + Level 2.1 Maces & Flails
 + Level 2.2 Armour
 - Level 1.5 Dodging
 - Level 2.1 Stealth
 * Level 3.8 Spellcasting
 * Level 0.9 Conjurations
 - Level 0.7 Transmutations
 + Level 5.6 Earth Magic


You had 4 spell levels left.
You knew the following spells:

 Your Spells              Type           Power      Damage    Failure   Level
a - Stone Arrow           Conj/Erth      30%        3d8       16%         3
b - Sandblast             Erth           46%        2d11      1%          1
c - Brom's Barrelling Bo  Conj/Erth      15%        2d4       45%         4

Your spell library contained the following spells:

 Spells                   Type           Power      Damage    Failure   Level
 Passwall                 Tmut/Erth      11%        N/A       9%          2
 Summon Small Mammal      Summ           12%        N/A       21%         1
 Petrify                  Tmut/Erth      14%        N/A       47%         4
 Call Canine Familiar     Summ           3%         N/A       52%         3
 Summon Guardian Golem    Hex/Summ       3%         N/A       52%         3


Dungeon Overview and Level Annotations

Branches:
Dungeon (4/15)
 Temple: D:4-7

Altars:
Gozag
Hepliaklqana
Trog
Zin

Shops:
D:1 *   D:3 *


Innate Abilities, Weirdness & Mutations

You are immune to sickness and miasma.
Your stone body is resilient. (AC +4)
You are immune to poison.
You resist negative energy. (rN+)
You are resistant to electric shocks. (rElec)
You are resistant to unholy torment.
You are immune to petrification.


Message History

Casting: Sandblast (safe; 1% risk of failure)
Confirm with . or Enter, or press ? or * to list all spells.
Aiming: Sandblast (safe; 1% risk of failure)
Press: ? - help, Shift-Dir - straight line, f/p - sleepcap
Aim: a sleepcap (severely damaged, 100% to hit)
The blast of sand hits the sleepcap.
The sleepcap is almost destroyed.
The sleepcap releases spores at you but does no damage. x2
Casting: Sandblast (safe; 1% risk of failure)
Confirm with . or Enter, or press ? or * to list all spells.
Aiming: Sandblast (safe; 1% risk of failure)
Press: ? - help, Shift-Dir - straight line, f/p - sleepcap
Aim: a sleepcap (almost destroyed, 100% to hit)
The blast of sand hits the sleepcap.
You destroy the sleepcap!
The ogre hits you with a +0 giant club!!
Ouch! That really hurt!
* * * LOW HITPOINT WARNING * * *
Casting: Sandblast (safe; 1% risk of failure)
Confirm with . or Enter, or press ? or * to list all spells.
Okay, then.
Unknown command.
Casting: Stone Arrow (quite dangerous; 16% risk of failure)
Confirm with . or Enter, or press ? or * to list all spells.
Aiming: Stone Arrow (quite dangerous; 16% risk of failure)
Press: ? - help, Shift-Dir - straight line, f - ogre
Aim: an ogre, wielding a +0 giant club (lightly wounded, 85% to hit)
The stone arrow hits the ogre!
The ogre is severely wounded.
Unknown command.
Casting: Stone Arrow (quite dangerous; 16% risk of failure)
Confirm with . or Enter, or press ? or * to list all spells.
Aiming: Sandblast (safe; 1% risk of failure)
Press: ? - help, Shift-Dir - straight line, f/p - ogre
Aim: an ogre, wielding a +0 giant club (severely wounded, 92% to hit)
The blast of sand hits the ogre.
The ogre is severely wounded.
The ogre hits you with a +0 giant club!!
Ouch! That really hurt!
You die...

#.##........#.#...###
####.##.#...#.##.#...#
#.......#...#.##...[.#
#.#####.#.....####...#
#.# #.#.......##∩..#
#.#####.#..........#.#
#..........#.#.......#
#######.#..#O#.#######
#.#..#@#.# #........#
###.###### ###


You could see an ogre.

Vanquished Creatures
  2 scorpions (D:3)
  A jelly (D:3)
  An orc priest (D:3)
  A sleepcap (D:3)
  Terence (D:3)
  An orc wizard (D:3)
  5 adders
  A white imp (D:4)
  2 ufetubi (D:3)
  A worm (D:2)
  2 dart slugs
  10 orcs
  3 endoplasms
  5 giant cockroaches
  5 goblins
  6 hobgoblins
  A quokka (D:3)
  10 ball pythons
  9 bats
  2 frilled lizards
  5 kobolds
  9 rats
83 creatures vanquished.

Notes
Turn   | Place    | Note
-------+----------+-------------------------------------------
     0 | D:1      | Graknight the Gargoyle Earth Elementalist began the quest
                  | for the Orb.
     0 | D:1      | Reached XP level 1. HP: 10/10 MP: 3/3
    17 | D:1      | Found Lerhodgh's General Store.
   178 | D:1      | Reached skill level 4 in Earth Magic
   286 | D:1      | Reached XP level 2. HP: 10/15 MP: 0/5
   874 | D:2      | Reached XP level 3. HP: 17/20 MP: 4/6
  1300 | D:2      | Reached skill level 1 in Fighting
  1300 | D:2      | Reached XP level 4. HP: 25/25 MP: 3/8
  1695 | D:2      | Found a faded altar of an unknown god.
  1752 | D:3      | Found Setz's Assorted Antiques.
  1819 | D:3      | Reached skill level 1 in Maces & Flails
  1820 | D:3      | Reached skill level 1 in Armour
  1961 | D:3      | Reached XP level 5. HP: 9/29 MP: 6/9
  1965 | D:3      | Reached skill level 5 in Earth Magic
  2296 | D:3      | Found an opulent altar of Gozag.
  2594 | D:3      | Noticed Terence
  2598 | D:3      | Killed Terence
  2649 | D:3      | Found a hazy altar of Hepliaklqana.
  2908 | D:3      | Found a glowing silver altar of Zin.
  2945 | D:4      | Noticed an ogre
  3081 | D:4      | Found a bloodstained altar of Trog.
  3105 | D:3      | Reached XP level 6. HP: 7/35 MP: 7/11
  3240 | D:3      | Learned a level 3 spell: Stone Arrow
  3245 | D:3      | Learned a level 4 spell: Brom's Barrelling Boulder
  3294 | D:3      | Mangled by an ogre

Illustrated notes

Levels and vault maps discovered:
D:1:      mainiacjoe_arrival_reflecting_pool, layout_rooms, serial_shops, shop
D:2:      layout_basic, shapermc_ecumenical_altar_petra, minmay_pentomino_u4
D:3:      layout_basic, pdpol_temple_overflow_zin_treasury_gozag_greed,
          nicolae_hepliaklqana_hippocampus, serial_shops, shop, uniq_terence
D:4:      layout_cave_pools, ashenzari_conservatory_becter,
          nicolae_overflow_hallway_of_the_gods, grunt_decor_mini_mirrors

Skill      XL: |  1  2  3  4  5  6 |
---------------+-------------------+-----
Earth Magic    | 4 5 |  5.6
Fighting       | 1 2 |  2.5
Maces & Flails | 1 2 |  2.1
Armour         | 1 2 |  2.2
Spellcasting   | 3 |  3.8
Dodging        | |  1.5
Stealth        | |  2.1
Conjurations   | |  0.9
Transmutations | |  0.7

Action                     |  1- 3 |  4- 6 || total
---------------------------+-------+-------++-------
  Melee: Club              |    29 |    17 ||    46
         Mace              |       |    17 ||    17
   Cast: Sandblast         |    49 |    79 ||   128
         Stone Arrow       |       |     1 ||     1
    Use: Potion            |       |     5 ||     5
 Armour: Leather armour    |    32 |    74 ||   106
         Robe              |     1 |       ||     1
  Dodge: Dodged            |    33 |    51 ||    84

Table legend: (Time is in decaauts)
 A = Elapsed time spent in this place.
 B = Non-inter-level travel time spent in this place.
 C = Inter-level travel time spent in this place.
 D = Time resting spent in this place.
 E = Time spent auto-exploring this place.
 F = Levels seen in this place.
 G = Mean time per level.
                   A        B        C        D        E       F      G
               +--------+--------+--------+--------+--------+-----+--------+
         Total |   3382 |   3176 |    206 |    714 |   1869 |   4 |  845.5 |
       Dungeon |   3382 |   3176 |    206 |    714 |   1869 |   4 |  845.5 |
               +--------+--------+--------+--------+--------+-----+--------+

Top non-repeatable levels by time:
     D:3: 1516 daAuts
     D:2: 890 daAuts
     D:1: 885 daAuts
     D:4: 90 daAuts
